 Dungeon Crawl Stone Soup version 0.29.1-2-gbd0b4ee654 (webtiles) character file.

Game seed: 9784194894192081771

963 Condegh the Cleaver (level 8, -3/68 HPs)
             Began as a Hill Orc Monk on Oct 29, 2022.
             Was a Believer of Okawaru.
             Slain by Prince Ribbit (10 damage)
             ... in the Ecumenical Temple.
             The game lasted 00:22:58 (5472 turns).

Condegh the Cleaver (Hill Orc Monk)                 Turns: 5472, Time: 00:22:59

Health: -3/68      AC: 14    Str: 16    XL:     8   Next: 15%
Magic:  9/9        EV:  7    Int: 10    God:    Okawaru [**....]
Gold:   251        SH:  0    Dex: 13    Spells: 7/7 levels left

rFire   . . .      SeeInvis .   a - +0 hand axe
rCold   . . .      Faith    .   (no shield)
rNeg    . . .      Spirit   .   q - +0 chain mail
rPois   .          Reflect  .   s - +0 helmet
rElec   .          Harm     .   (no cloak)
rCorr   .          Rampage  .   B - +2 pair of gloves
Will    +....                   (no boots)
Stlth   ..........              (no amulet)
HPRegen 0.21/turn               f - ring of willpower
MPRegen 0.11/turn               A - +4 ring of slaying

@: no status effects
A: no striking features
a: Renounce Religion, Heroism


You were in the Ecumenical Temple.
You worshipped Okawaru.
Okawaru was pleased with you.
You visited 2 branches of the dungeon, and saw 6 of its levels.

You collected 251 gold pieces.

Inventory:

Hand Weapons
 a - a +0 hand axe (weapon)
Armour
 b - a +0 robe
 l - a +0 scale mail
 p - a +0 pair of gloves
 q - a +0 chain mail (worn)
 s - a +0 helmet (worn)
 B - a +2 pair of gloves (worn)
Jewellery
 f - a ring of willpower (left hand)
 A - a +4 ring of slaying (right hand)
 C - an amulet of faith
Wands
 k - a wand of digging (6)
 D - a wand of acid (13)
Scrolls
 c - a scroll of brand weapon {unknown}
 i - 3 scrolls of magic mapping
 j - a scroll of butterflies {unknown}
 m - 2 scrolls of torment {unknown}
 n - 2 scrolls of immolation {unknown}
 t - a scroll of blinking {unknown}
 u - a scroll of identify
 y - a scroll of enchant armour {unknown}
Potions
 d - a potion of magic {unknown}
 e - a potion of heal wounds {unknown}
 g - 2 potions of brilliance
 h - 3 potions of flight
 o - 2 potions of mutation {unknown}
 r - 2 potions of curing {unknown}
 v - a potion of attraction {unknown}
 w - a potion of lignification {unknown}
 x - a potion of resistance {unknown}
 z - a potion of degeneration {unknown}


   Skills:
 - Level 5.0 Fighting
 + Level 9.1 Axes
 - Level 5.0 Armour
 - Level 2.4 Dodging
 - Level 1.5 Stealth
 + Level 1.6 Invocations
 + Level 2.9 Evocations


You had 7 spell levels left.
You didn't know any spells.
Your spell library contained the following spells:

 Spells                   Type           Power      Damage    Failure   Level
 Gell's Gravitas          Tloc           0%         N/A       100%        3
 Teleport Other           Tloc           0%         N/A       100%        3
 Passage of Golubria      Tloc           0%         N/A       100%        4
 Yara's Violent Unravell  Hex/Tmut       0%         3d3       100%        5
 Dispersal                Tloc           0%         N/A       100%        6
 Tukima's Dance           Hex            Unusable   N/A       N/A         3

Dungeon Overview and Level Annotations

Branches:
Dungeon (5/15)             Temple (1/1) D:5

Altars:
Elyvilon
Fedhas
Kikubaaqudgha
Makhleb
Nemelex Xobeh
Okawaru
Trog
Wu Jian
Yredelemnul
The Shining One

Shops:
D:1 *

Annotations:
D:3 1 runed translucent door, Ivernyr's ghost, amateur VSFi
Temple Prince Ribbit


Message History

You slash Prince Ribbit! You punch Prince Ribbit.
Prince Ribbit is severely wounded.
You closely miss the orc. The orc hits you with a +0 short sword.
Prince Ribbit blinks!
You slash the orc!
You kill the orc!
Okawaru accepts your kill.
Prince Ribbit blinks!
You hit Prince Ribbit.
Prince Ribbit is severely wounded.
Prince Ribbit hits you.
* * * LOW HITPOINT WARNING * * *
Prince Ribbit hits you!
* * * LOW HITPOINT WARNING * * *
You slash Prince Ribbit!
Prince Ribbit is almost dead.
Prince Ribbit blinks!
Prince Ribbit blinks!
There is an ornate altar of the Wu Jian Council here.
Prince Ribbit blinks!
Prince Ribbit blinks!
Prince Ribbit blinks!
There is a bloodstained altar of Trog here.
Prince Ribbit blinks!
You slash Prince Ribbit!
Prince Ribbit is almost dead.
Prince Ribbit hits you but does no damage.
You barely miss Prince Ribbit.
Prince Ribbit is almost dead.
Prince Ribbit blinks!
Prince Ribbit blinks!
You miss Prince Ribbit.
Prince Ribbit is almost dead.
Prince Ribbit croaks regally.
Prince Ribbit hits you!
* * * LOW HITPOINT WARNING * * *
You miss Prince Ribbit.
Prince Ribbit is almost dead.
Prince Ribbit hits you!
You die...

#..# #............
#.## #.......⌠....
#..# #............
###.#####...........
##.....#...###.######
#..._....#####.### ##
#.......####.....###.
##...F.## #.......#..
###@#### #..._...#..
#....####.....###.
####....###.######
####...........
############


You could see Prince Ribbit.

Vanquished Creatures
  Grinder (D:3)
  Sigmund (D:2)
  A black bear (D:4)
  A phantom (Temple)
  A howler monkey (Temple)
  A hound (D:5)
  2 iguanas (D:5)
  3 orc priests (D:5)
  Ijyb (D:3)
  2 orc wizards (D:5)
  6 adders
  2 shadow imps (D:5)
  An ufetubus (D:5)
  2 worms
  2 dart slugs
  6 orcs
  5 bats
  9 endoplasms
  A giant cockroach (D:3)
  9 hobgoblins
  6 jackals
  2 kobolds
  3 quokkas
  7 ball pythons
  3 frilled lizards
  3 rats
81 creatures vanquished.

Notes
Turn   | Place    | Note
-------+----------+-------------------------------------------
     0 | D:1      | Condegh the Hill Orc Monk began the quest for the Orb.
     0 | D:1      | Reached XP level 1. HP: 19/19 MP: 1/1
   300 | D:1      | Reached XP level 2. HP: 27/27 MP: 2/2
   611 | D:1      | Reached skill level 1 in Armour
   616 | D:1      | Found a faded altar of an unknown god.
   800 | D:1      | Found Mywoduf's General Store.
  1212 | D:2      | Reached XP level 3. HP: 30/33 MP: 3/3
  1365 | D:2      | Reached skill level 5 in Axes
  1600 | D:2      | Noticed Sigmund
  1615 | D:2      | Killed Sigmund
  1616 | D:2      | Reached skill level 6 in Axes
  1616 | D:2      | Reached XP level 4. HP: 8/40 MP: 4/4
  1616 | D:2      | Reached XP level 5. HP: 9/46 MP: 5/5
  1942 | D:2      | Reached XP level 6. HP: 48/52 MP: 6/6
  2408 | D:3      | Noticed Ijyb
  2434 | D:3      | Paralysed by Ijyb for 2 turns
  2450 | D:3      | Killed Ijyb
  2451 | D:3      | Reached skill level 7 in Axes
  2864 | D:3      | Noticed Grinder
  2868 | D:3      | Paralysed by Grinder for 2 turns
  2895 | D:3      | Killed Grinder
  2896 | D:3      | Reached skill level 8 in Axes
  2896 | D:3      | Reached XP level 7. HP: 42/59 MP: 7/7
  3111 | D:3      | Found a runed translucent door.
  3122 | D:3      | Noticed Ivernyr's ghost (amateur VSFi)
  3468 | D:3      | Reached skill level 1 in Evocations
  4743 | D:5      | Entered Level 5 of the Dungeon
  4843 | D:5      | Reached skill level 5 in Fighting
  4897 | D:5      | Reached skill level 5 in Armour
  4908 | D:5      | Found a staircase to the Ecumenical Temple.
  4913 | D:5      | Reached XP level 8. HP: 33/68 MP: 8/8
  4915 | Temple   | Entered the Ecumenical Temple
  4923 | Temple   | Became a worshipper of Warmaster Okawaru
  4923 | Temple   | Reached * piety under Okawaru
  4923 | Temple   | Reached ** piety under Okawaru
  5285 | Temple   | Reached skill level 9 in Axes
  5385 | D:5      | Noticed Prince Ribbit
  5398 | Temple   | Reached skill level 1 in Invocations
  5472 | Temple   | Slain by Prince Ribbit

Illustrated notes

Levels and vault maps discovered:
D:1:      lightli_arrival_flooded_house, layout_basic,
          ebering_ecumenical_altar_rust, serial_shops, nicolae_shop_statue_plus
D:2:      layout_basic, uniq_sigmund
D:3:      layout_basic, ebering_ghost_sewer_d, uniq_grinder, uniq_ijyb
D:4:      layout_basic, dk_vineyard_1, minmay_tree_intersection,
          columned_hall_lemuel, corexii_hall_statues_l
D:5:      layout_cave_pools, minmay_temple_entry_butterflies,
          uniq_prince_ribbit1
Temple:   dpeg_chambers_temple

Skill      XL: |  1  2  3  4  5  6  7  8 |
---------------+-------------------------+-----
Armour         | 1 3 4 5 |  5.0
Fighting       | 4 5 |  5.0
Axes           | 6 8 9 |  9.1
Evocations     | 2 |  2.9
Invocations    | 1 |  1.6
Dodging        | |  2.4
Stealth        | |  1.5

Action                   |  1- 3 |  4- 6 |  7- 9 || total
-------------------------+-------+-------+-------++-------
Melee: Hand axe          |   102 |    94 |   158 ||   354
       Punch             |     1 |     3 |     5 ||     9
  Use: Potion            |       |     1 |       ||     1
       Scroll            |       |     3 |       ||     3
 Stab: Sleeping          |       |     1 |       ||     1
Armor: Robe              |    19 |     4 |       ||    23
       Scale mail        |       |    14 |       ||    14
       Chain mail        |       |       |    85 ||    85
Dodge: Dodged            |    59 |    46 |    49 ||   154
